 Dungeon Crawl Stone Soup version 0.27-a0-650-g8dd3ea4f36 (webtiles) character file.

Game seed: 7250092920692417060

11615 tilp the Martial Artist (level 11, -2/88 HPs)
             Began as an Octopode Transmuter on Mar 15, 2021.
             Was a High Priest of Okawaru.
             Killed by divine providence
             ... invoked by an orc priest
              (12 damage)
             ... on level 11 of the Dungeon.
             The game lasted 00:31:06 (15464 turns).

tilp the Martial Artist (Octopode Transmuter)      Turns: 15464, Time: 00:31:06

Health: -2/88      AC: 14    Str:  9    XL:     11   Next: 80%
Magic:  16/17      EV: 12    Int: 20    God:    Okawaru [*****.]
Gold:   128        SH:  5    Dex: 12    Spells: 3/18 levels left

rFire    . . .     SeeInvis .     - Unarmed
rCold    + + +     Faith    .   (shield currently unavailable)
rNeg     . . .     Spirit   .   (helmet currently unavailable)
rPois    +         Reflect  +   p - amulet of reflection
rElec    +         Harm     .   d - ring of protection from fire
rCorr    .         Rampage  .   e - +4 ring of protection
Will     .....                  B - ring of poison resistance
Stlth    +++.......             C - ring "Vept" {rElec AC+4}
HPRegen  0.24/turn              (no ring)
MPRegen  0.15/turn              (no ring)
                                (no ring)
                                (no ring)

@: ice-form, hasted, very quick
A: freezing attack, boosted hp, almost no armour, amphibious, 8 rings, large,
(camouflage 1), (gelatinous body 1), (nimble swimmer 1), (tentacles)
a: End Transformation, Renounce Religion, Heroism, Finesse


You were on level 11 of the Dungeon.
You worshipped Okawaru.
Okawaru was extremely pleased with you.
You were a creature of crystalline ice.
You visited 2 branches of the dungeon, and saw 12 of its levels.

You collected 1038 gold pieces.
You spent 910 gold pieces at shops.

Inventory:

Missiles
 g - 16 atropa-tipped darts
 m - 14 boomerangs
 y - 45 poisoned darts (quivered)
Armour
 r - a +1 hat (melded)
Jewellery
 d - a ring of protection from fire (left front paw)
 e - a +4 ring of protection (right front paw)
 i - a ring of fire
 p - an amulet of reflection (around neck)
 w - a ring of ice
 B - a ring of poison resistance (on tentacle)
 C - the ring "Vept" (on tentacle) {rElec AC+4}
   (You bought it in a shop on level 10 of the Dungeon)

   [ring of protection]

   It affects your AC (+4).
   It insulates you from electricity.
Wands
 a - a wand of iceblast (6)
 n - a wand of flame (10)
 s - a wand of random effects (24)
 u - a wand of mindburst (11)
Scrolls
 h - 2 scrolls of amnesia
 j - a scroll of holy word {unknown}
 v - 6 scrolls of teleportation
 x - 2 scrolls of magic mapping
 D - a scroll of fear
 F - a scroll of fog
Potions
 b - 2 potions of flight
 c - 2 potions of lignification
 f - 8 potions of curing
 k - a potion of heal wounds
 l - a potion of haste
 o - 4 potions of mutation
 q - 3 potions of magic
 t - a potion of degeneration {unknown}
 z - a potion of attraction {unknown}
 A - a potion of might {unknown}


   Skills:
 + Level 6.7 Fighting
 + Level 6.7 Dodging
 + Level 5.8 Stealth
 * Level 9.0 Unarmed Combat
 - Level 4.0 Spellcasting
 - Level 8.0 Transmutations
 - Level 2.0 Ice Magic
 - Level 2.0 Poison Magic
 - Level 8.0 Invocations
 - Level 6.0 Evocations


You had 3 spell levels left.
You knew the following spells:

 Your Spells              Type           Power      Damage    Failure   Level
a - Beastly Appendage     Tmut           72%        N/A       1%          1
b - Wereblood             Tmut           36%        N/A       1%          2
c - Spider Form           Tmut/Pois      12%        N/A       4%          3
d - Ice Form              Ice/Tmut       24%        N/A       16%         4
e - Blade Hands           Tmut           18%        N/A       13%         5

Your spell library contained the following spells:

 Spells                   Type           Power      Damage    Failure   Level
 Confusing Touch          Hex            4%         N/A       36%         3
 Gell's Gravitas          Tloc           2%         N/A       36%         3
 Petrify                  Tmut/Erth      20%        N/A       24%         4
 Yara's Violent Unravell  Hex/Tmut       10%        3d6       56%         5
 Metabolic Englaciation   Hex/Ice        4%         N/A       93%         5


Dungeon Overview and Level Annotations

Branches:
Dungeon (11/15)            Temple (1/1) D:5             Orc (0/2) D:9
   Lair: D:8-11

Altars:
Ashenzari
Cheibriados
Dithmenos
Elyvilon
Fedhas
Gozag
Hepliaklqana
Kikubaaqudgha
Makhleb
Nemelex Xobeh
Okawaru
Qazlal
Ru
Sif Muna
Trog
Uskayaw
Vehumet
Wu Jian
Xom
Yredelemnul
Zin
The Shining One

Shops:
D:10 :=


Innate Abilities, Weirdness & Mutations

You are a creature of crystalline ice.
You have a powerful freezing melee attack.
Your maximum health is increased.
Your armour is entirely melded.
You are incapable of wielding weapons or throwing items.
You cannot wear most types of armour.
You are amphibious.
You can wear up to eight rings at the same time.
((Your skin changes colour to match your surroundings (Stealth+).))
((Your rubbery body absorbs attacks. (AC +1, EV +1)))
((You are stealthy while swimming. (Stealth+)))
((You have tentacles for arms and can constrict up to eight enemies at once.))


Message History

* * * LOW HITPOINT WARNING * * *
Something bites you but does no damage.
Unknown command.
You barely miss something. You punch something! Something hits you.
* * * LOW HITPOINT WARNING * * *
Something bites you but does no damage.
You completely miss something. Something barely misses you.
Something bites you but does no damage.
You barely miss something. Something hits you but does no damage.
Something barely misses you.
You pummel something!!
Your surroundings suddenly seem different.
An orc priest comes into view.
It is wielding a +0 morningstar and carrying a wand of charming (5).
The orc priest shouts!
The kobold shouts!
The white ugly thing gurgles horribly!
The kobold brigand shouts!
An orc priest comes into view. It is wielding a +0 war axe.
The orc priest shouts!
A warg comes into view.
A kobold comes into view.
It is wielding a +2 dagger of protection.
The kobold brigand throws a poisoned dart.
The poisoned dart completely misses you.
The warg howls!
You hear a howl!
You hear a shout!
Found 12 gold pieces.
A warg comes into view.
Unknown command.
Okay, then.
You feel yourself speed up.
The kobold brigand shouts!
The orc priest barely misses you. The orc barely misses you.
The orc priest begins to cast a cantrip, but forgets the words!
The white ugly thing punches you!
* * * LOW HITPOINT WARNING * * *
The white ugly thing freezes you. You resist.
* * * LOW HITPOINT WARNING * * *
The kobold brigand throws a poisoned dart.
The poisoned dart barely misses you.
The orc priest mumbles some strange prayers to Beogh against you.
Beogh smites you!
You die...

....... .#
..T....###'##.####
............}.....
#.....[........#
##...(......)?..#
...........)<[..#
........##'#[.#.#
....K..u........#
...K..Ko.Yo.....#
...h...o........#
................#
...#####........#
.. #.hK.....#
#........#
#$.......#
#........# .......


You could see a white ugly thing, a troll, 2 wargs, 2 kobold brigands, 2 orc
priests, an orc and 2 kobolds.

Vanquished Creatures
  A hydra (D:10)
  3 two-headed ogres
  Pikel (D:7)
  A gargoyle (D:11)
  A kobold demonologist (D:11)
  A troll (D:10)
  A tyrant leech (D:11)
  Sigmund (D:5)
  A wraith (D:10)
  2 wyverns
  8 yaks
  A steam dragon (D:8)
  3 vampire mosquitoes (D:11)
  A warg (D:10)
  A water moccasin (D:9)
  6 orc warriors
  2 ice beasts
  A black bear (D:8)
  4 necrophages
  2 lemures (D:7)
  8 ogres
  A phantom (D:6)
  3 centaurs
  2 kobold brigands
  3 bullfrogs
  2 wyvern skeletons
  2 scorpions (D:9)
  10 killer bees
  5 wights
  2 howler monkeys
  A bullfrog zombie (D:9)
  A centaur zombie (D:6)
  6 hounds
  2 quasits
  2 centaur skeletons
  6 orc priests
  3 jellies
  2 bullfrog skeletons
  2 iguanas (D:9)
  9 orc wizards
  Ijyb (D:5)
  8 worker ants
  A killer bee zombie (D:9)
  A hound zombie (D:10)
  2 hound skeletons
  A worker ant zombie (D:9)
  6 gnolls
  17 adders
  2 shadow imps
  A white imp (D:6)
  2 ufetubi
  2 oozes
  2 adder skeletons
  3 worms
  6 leopard geckos
  21 orcs
  7 giant cockroaches
  11 goblins
  14 hobgoblins
  11 jackals
  15 kobolds
  A quokka (D:3)
  5 bats
  5 frilled lizards
  A leopard gecko skeleton (D:8)
  2 rats
262 creatures vanquished.

Vanquished Creatures (others)
  A plant (D:11)
1 creature vanquished.

Grand Total: 263 creatures vanquished

Notes
Turn   | Place    | Note
-------+----------+-------------------------------------------
     0 | D:1      | tilp the Octopode Transmuter began the quest for the Orb.
     0 | D:1      | Reached XP level 1. HP: 13/13 MP: 3/3
    37 | D:1      | Reached skill level 1 in Stealth
   318 | D:1      | Reached XP level 2. HP: 12/18 MP: 1/5
   462 | D:1      | Learned a level 2 spell: Wereblood
   718 | D:1      | Reached XP level 3. HP: 12/23 MP: 2/6
  1449 | D:2      | Reached XP level 4. HP: 20/28 MP: 4/7
  2005 | D:3      | Found a glowing golden altar of the Shining One.
  2233 | D:3      | Reached skill level 4 in Unarmed Combat
  2294 | D:3      | Found a sparkling altar of Nemelex Xobeh.
  2391 | D:3      | Reached XP level 5. HP: 31/34 MP: 6/8
  2408 | D:3      | Found a stormy altar of Qazlal.
  3274 | D:4      | Noticed an ogre
  3371 | D:4      | Noticed an ogre
  3565 | D:4      | Reached XP level 6. HP: 41/41 MP: 6/9
  3601 | D:4      | Reached skill level 5 in Unarmed Combat
  4063 | D:5      | Entered Level 5 of the Dungeon
  4096 | D:5      | Found a radiant altar of Vehumet.
  4807 | D:5      | Found a staircase to the Ecumenical Temple.
  4814 | Temple   | Entered the Ecumenical Temple
  5095 | D:5      | Noticed Sigmund
  6058 | D:6      | Reached skill level 6 in Unarmed Combat
  6058 | D:6      | Reached XP level 7. HP: 47/47 MP: 10/10
  6130 | D:6      | Reached skill level 1 in Evocations
  6179 | D:6      | Found an ornate altar of the Wu Jian Council.
  6352 | D:7      | Learned a level 3 spell: Spider Form
  6562 | D:7      | Reached skill level 1 in Poison Magic
  6927 | D:7      | Reached XP level 8. HP: 37/54 MP: 8/11
  7700 | D:7      | Noticed Pikel
  7712 | D:7      | Killed Pikel
  7713 | D:7      | Reached XP level 9. HP: 46/58 MP: 13/15
  7961 | D:7      | Found an iron altar of Okawaru.
  7982 | D:7      | Became a worshipper of Warmaster Okawaru
  8780 | D:5      | Killed Sigmund
  8780 | D:5      | Noticed Ijyb
  8800 | D:5      | Killed Ijyb
  8946 | D:8      | Reached * piety under Okawaru
  9272 | D:8      | Noticed a two-headed ogre
  9302 | D:8      | Reached skill level 7 in Unarmed Combat
  9677 | D:8      | Killed a two-headed ogre
  9677 | D:8      | Reached ** piety under Okawaru
  9678 | D:8      | Reached skill level 5 in Fighting
  9678 | D:8      | Reached XP level 10. HP: 66/66 MP: 16/16
  9723 | D:8      | Reached skill level 5 in Dodging
  9723 | D:8      | Reached skill level 8 in Unarmed Combat
 10690 | D:8      | Learned a level 4 spell: Ice Form
 11062 | D:9      | Found an opulent altar of Gozag.
 11083 | D:9      | Found a bloodstained altar of Trog.
 11092 | D:9      | Reached skill level 1 in Ice Magic
 11389 | D:9      | Found a staircase to the Orcish Mines.
 11518 | D:9      | Noticed a two-headed ogre
 11527 | D:9      | Killed a two-headed ogre
 11535 | D:9      | Reached *** piety under Okawaru
 11988 | D:10     | Entered Level 10 of the Dungeon
 12051 | D:10     | Noticed a two-headed ogre
 12060 | D:10     | Killed a two-headed ogre
 12061 | D:10     | Reached skill level 5 in Invocations
 12061 | D:10     | Reached skill level 5 in Evocations
 12061 | D:10     | Reached XP level 11. HP: 41/72 MP: 12/17
 12202 | D:10     | Found Typlodwy's Jewellery Boutique.
 12256 | D:10     | Bought a ring of poison resistance for 260 gold pieces
 12256 | D:10     | Bought the ring "Vept" {rElec AC+4} for 650 gold pieces
 12711 | D:10     | Found Waorphe's Book Shoppe.
 12800 | D:10     | Noticed a seven-headed hydra
 12805 | D:10     | Killed a seven-headed hydra
 13289 | D:10     | Reached **** piety under Okawaru
 13758 | D:9      | Found a shimmering blue altar of Sif Muna.
 13773 | D:9      | Received a gift from Okawaru
 14429 | D:11     | Noticed a white ugly thing
 14527 | D:11     | Noticed a boulder beetle
 14536 | D:10     | Learned a level 5 spell: Blade Hands
 14788 | D:11     | Reached skill level 5 in Stealth
 15189 | D:11     | Reached skill level 9 in Unarmed Combat
 15196 | D:11     | Reached ***** piety under Okawaru
 15464 | D:11     | Killed from afar by an orc priest

Illustrated notes

Levels and vault maps discovered:
D:1:      minmay_arrival_wavy_path, layout_basic
D:2:      layout_basic
D:3:      layout_basic, nicolae_overflow_crystal_walls, old_standard_altar,
          lemuel_crystal_altar
D:4:      cheibrodos_greedy_goblins, layout_basic
D:5:      layout_basic, vehumet_altar_wand_db, minmay_temple_entry_statues,
          uniq_sigmund, uniq_ijyb
D:6:      layout_cave_pools, nzn_wu_jian_contemplation
D:7:      layout_rooms, okawaru_gym_becter, uniq_pikel
D:8:      layout_rooms
D:9:      minmay_polygon_palace, layout_cave_pods,
          nicolae_sif_muna_condensation,
          chequers_temple_overflow_statue_of_worship, david_orc_4
D:10:     layout_roguey, serial_shops, shop, shop_fountains, minmay_bent
D:11:     layout_basic, erik_lair_orcish_takeover,
          minmay_guarded_unrand_vampires_tooth
Temple:   oiseaux_autumnal_temple

Skill      XL: |  1  2  3  4  5  6  7  8  9 10 11 |
---------------+----------------------------------+-----
Stealth        | 2 3 4 5 |  5.8
Fighting       | 2 3 4 5 6 |  6.7
Unarmed Combat | 4 6 7 8 9 |  9.0
Evocations     | 4 5 6 |  6.0
Poison Magic   | 1 2 |  2.0
Transmutations | 3 6 8 |  8.0
Spellcasting   | 4 |  4.0
Invocations    | 4 5 8 |  8.0
Dodging        | 4 6 |  6.7
Ice Magic      | 2 |  2.0

Action                   |  1- 3 |  4- 6 |  7- 9 | 10-12 || total
-------------------------+-------+-------+-------+-------++-------
Melee: Unarmed           |    71 |   131 |   215 |   433 ||   850
       Constrict         |    24 |    32 |    20 |     9 ||    85
       Tentacles         |    10 |    22 |    20 |    10 ||    62
       Kick              |     8 |    25 |    30 |     8 ||    71
       Punch             |     2 |     5 |     6 |     1 ||    14
Throw: Stone             |     3 |     3 |       |       ||     6
       Boomerang         |       |       |     3 |       ||     3
       Dart              |       |       |       |     2 ||     2
 Cast: Beastly Appendage |    23 |    29 |    18 |     5 ||    75
       Wereblood         |     4 |     9 |    10 |    21 ||    44
       Spider Form       |       |       |     6 |    22 ||    28
       Ice Form          |       |       |       |    21 ||    21
       Blade Hands       |       |       |       |     1 ||     1
Invok: Heroism           |       |       |       |    11 ||    11
 Abil: End Transformatio |       |       |       |     1 ||     1
Evoke: Wand              |       |     5 |    13 |     4 ||    22
  Use: Scroll            |     4 |     9 |     1 |     4 ||    18
       Potion            |       |       |     4 |     3 ||     7
 Stab: Sleeping          |     3 |     9 |     2 |     6 ||    20
       Paralysed         |       |       |    13 |     2 ||    15
Armor: Skin              |     7 |    16 |    77 |    82 ||   182
Dodge: Dodged            |    37 |    61 |   129 |   261 ||   488
Block: Other             |       |     2 |    50 |    71 ||   123
       Reflection        |       |       |     2 |     5 ||     7

Table legend: (Time is in decaauts)
 A = Elapsed time spent in this place.
 B = Non-inter-level travel time spent in this place.
 C = Inter-level travel time spent in this place.
 D = Time resting spent in this place.
 E = Time spent auto-exploring this place.
 F = Levels seen in this place.
 G = Mean time per level.
                   A        B        C        D        E       F      G
               +--------+--------+--------+--------+--------+-----+--------+
         Total |  15365 |  14403 |    962 |   3826 |   8221 |  12 | 1280.4 |
       Dungeon |  15091 |  14161 |    930 |   3826 |   7980 |  11 | 1371.9 |
        Temple |    273 |    241 |     32 |      0 |    241 |   1 |  273.0 |
               +--------+--------+--------+--------+--------+-----+--------+

Top non-repeatable levels by time:
    D:10: 2493 daAuts
     D:7: 2251 daAuts
     D:9: 2022 daAuts
     D:4: 1575 daAuts
     D:5: 1423 daAuts
     D:1: 1194 daAuts
     D:3: 1161 daAuts
     D:6: 989 daAuts
     D:8: 972 daAuts
     D:2: 704 daAuts
    D:11: 304 daAuts
  Temple: 273 daAuts
